 Dungeon Crawl Stone Soup version 0.26-a0-667-g92642533e4 (console) character file.

Game seed: 4801502143126077329

235 om the Chopper (level 5, -2/46 HPs)
             Began as a Minotaur Monk on Oct 16, 2020.
             Killed by divine providence
             ... invoked by an orc priest
              (13 damage)
             ... on level 4 of the Dungeon.
             The game lasted 00:04:27 (2782 turns).

om the Chopper (Minotaur Monk)                      Turns: 2782, Time: 00:04:27

Health: -2/46      AC:  4    Str: 17    XL:     5   Next: 76%
Magic:  4/4        EV: 14    Int:  7    God:
Gold:   169        SH:  0    Dex: 18    Spells: 4/4 levels left

rFire    . . .     SeeInvis .   a - +0 hand axe
rCold    . . .     Faith    .   (no shield)
rNeg     . . .     Spirit   .   j - +0 leather armour
rPois    .         Reflect  .   (helmet restricted)
rElec    .         Harm     .   (no cloak)
rCorr    .         Rampage  .   i - +0 pair of gloves
MR       .....                  (no boots)
Stlth    ++........             (no amulet)
HPRegen  0.15/turn              h - +6 ring of dexterity
MPRegen  0.09/turn              (no ring)

@: no status effects
A: retaliatory headbutt, horns 2
a: no special abilities


You were on level 4 of the Dungeon.
You visited 1 branch of the dungeon, and saw 4 of its levels.

You collected 169 gold pieces.

Inventory:

Hand Weapons
 a - a +0 hand axe (weapon)
Armour
 i - a +0 pair of gloves (worn)
 j - a +0 leather armour (worn)
Jewellery
 h - a +6 ring of dexterity (left hand)
 n - a +6 ring of dexterity
Scrolls
 c - 4 scrolls of remove curse {unknown}
 d - a scroll of enchant armour {unknown}
 f - 5 scrolls of identify {unknown}
 k - a scroll of teleportation {unknown}
 l - a scroll of blinking {unknown}
 m - a scroll of amnesia {unknown}
Potions
 b - a potion of curing {unknown}
 e - 4 potions of flight {unknown}
 g - 2 potions of heal wounds {unknown}


   Skills:
 - Level 4.0 Fighting
 * Level 5.5 Axes
 * Level 3.8 Armour
 + Level 4.1 Dodging
 - Level 2.0 Stealth


You had 4 spell levels left.
You didn't know any spells.
Your spell library was empty.

Dungeon Overview and Level Annotations

Branches:
Dungeon (4/15)
 Temple: D:4-7

Altars:


Innate Abilities, Weirdness & Mutations

You reflexively headbutt those who attack you in melee.
You have a pair of horns on your head.


Message History

The orc priest hits you with a +0 club.
You hit the orc priest but do no damage.
The orc priest is severely wounded.
The orc priest hits you with a +0 club.
* * * LOW HITPOINT WARNING * * *
You hit the orc priest but do no damage.
The orc priest is severely wounded.
You barely miss the orc priest. Your headbutt misses the orc priest.
The orc priest is severely wounded.
The orc priest hits you but does no damage.
You hit the orc priest.
The orc priest is severely wounded.
The orc priest hits you with a +0 club.
* * * LOW HITPOINT WARNING * * *
You aren't carrying any items that you can evoke.
You hit the orc priest.
The orc priest is almost dead.
The orc priest mumbles some strange prayers to Beogh against you.
Beogh smites you!
You die...

#............
#.##.<.## ## ##
#.#.....#
#...###.##.†.##
#.#.........##
...###.###.# #.# #.#
#.# #
######<####.###+###.#
.......)@............#
####.##o###.##.....##
# #..# #.#).)....#
....# #..))).....#
..................+
.......?............#
.#.......###.......##
....##.# ##.....## #.
##(..##


You could see an orc priest.

Vanquished Creatures
  An orc priest (D:4)
  2 orc wizards (D:4)
  A gnoll (D:1)
  3 adders
  An ooze (D:3)
  3 worms (D:2)
  2 dart slugs
  A leopard gecko (D:4)
  11 orcs
  11 bats
  6 giant cockroaches
  8 goblins
  11 hobgoblins
  8 jackals
  A ball python (D:2)
  6 frilled lizards
  6 kobolds
  5 rats
87 creatures vanquished.

Notes
Turn   | Place    | Note
-------+----------+-------------------------------------------
     0 | D:1      | om the Minotaur Monk began the quest for the Orb.
     0 | D:1      | Reached XP level 1. HP: 19/19 MP: 0/0
    60 | D:1      | Reached XP level 2. HP: 27/27 MP: 1/1
    71 | D:1      | Reached skill level 1 in Armour
   170 | D:1      | Reached skill level 4 in Axes
   382 | D:1      | Reached XP level 3. HP: 28/33 MP: 2/2
   935 | D:2      | Reached XP level 4. HP: 36/40 MP: 3/3
  2062 | D:3      | Reached skill level 5 in Axes
  2286 | D:3      | Reached XP level 5. HP: 46/46 MP: 4/4
  2782 | D:4      | Killed from afar by an orc priest

Illustrated notes

Levels and vault maps discovered:
D:1:      dpeg_arrival_pond, layout_rooms, minmay_3d_cube
D:2:      layout_basic, minmay_tromino_i4
D:3:      layout_basic
D:4:      layout_loops_corners, lightli_temple_of_fire,
          minmay_temple_entry_statues_pillars, uniq_ijyb, uniq_pikel

Skill      XL: |  1  2  3  4  5 |
---------------+----------------+-----
Armour         | 1 2 3 |  3.8
Axes           | 4 5 |  5.5
Fighting       | 4 |  4.0
Stealth        | 2 |  2.0
Dodging        | 4 |  4.1

Action                   |  1- 3 |  4- 6 || total
-------------------------+-------+-------++-------
Melee: Hand axe          |    87 |   113 ||   200
       Headbutt          |    11 |    19 ||    30
 Stab: Sleeping          |     1 |     6 ||     7
       Distracted        |       |     1 ||     1
Armor: Robe              |    17 |       ||    17
       Leather armour    |    10 |    13 ||    23
Dodge: Dodged            |    65 |    66 ||   131

Table legend: (Time is in decaauts)
 A = Elapsed time spent in this place.
 B = Non-inter-level travel time spent in this place.
 C = Inter-level travel time spent in this place.
 D = Time resting spent in this place.
 E = Time spent auto-exploring this place.
 F = Levels seen in this place.
 G = Mean time per level.
                   A        B        C        D        E       F      G
               +--------+--------+--------+--------+--------+-----+--------+
         Total |   2796 |   2717 |     79 |    174 |   2041 |   4 |  699.0 |
       Dungeon |   2796 |   2717 |     79 |    174 |   2041 |   4 |  699.0 |
               +--------+--------+--------+--------+--------+-----+--------+

Top non-repeatable levels by time:
     D:3: 997 daAuts
     D:2: 934 daAuts
     D:1: 790 daAuts
     D:4: 74 daAuts
